 Dungeon Crawl Stone Soup version 0.28.0-43-g3370ac3207 (webtiles) character file.

Game seed: 14255523036274161854

35740 jimonade the Blocker (level 13, -32/103 HPs)
             Began as a Gnoll Wanderer on Mar 13, 2022.
             Was a High Priest of Okawaru.
             Annihilated by a boulder beetle (38 damage)
             ... on level 14 of the Dungeon.
             The game lasted 01:25:23 (15786 turns).

jimonade the Blocker (Gnoll Wanderer)              Turns: 15786, Time: 01:25:23

Health: -32/103    AC: 17    Str: 18    XL:     13   Next: 85%
Magic:  24/25      EV: 21    Int:  9    God:    Okawaru [*****.]
Gold:   770        SH:  0    Dex: 19    Spells: 24/29 levels left

rFire   + . .      SeeInvis .   Y - +5 halberd (freeze)
rCold   . . .      Faith    .   (shield currently unavailable)
rNeg    . . .      Spirit   .   q - +1 leather armour of the Skies Above {rF+ Regen+ Slay+5}
rPois   +          Reflect  .   m - +2 helmet
rElec   .          Harm     .   R - +1 cloak {rCorr}
rCorr   +          Rampage  .   i - +2 pair of gloves
Will    .....                   t - +0 pair of boots
Stlth   ++++++....              (no amulet)
HPRegen 1.07/turn               s - ring of poison resistance
MPRegen 0.19/turn               P - +6 ring of strength

@: heroic, hasted, very quick
A: fangs 1, strong nose, distributed training
a: Renounce Religion, Heroism, Finesse, Duel


You were on level 14 of the Dungeon.
You worshipped Okawaru.
Okawaru was extremely pleased with you.
You visited 1 branch of the dungeon, and saw 14 of its levels.
You also visited: Bailey.

You collected 1010 gold pieces.
You spent 240 gold pieces at shops.

Inventory:

Hand Weapons
 E - a +1 longbow of flaming
 H - a +0 longbow
 J - a +4 hand axe of flaming
 N - a +2 scythe of venom
 Y - a +5 halberd of freezing (weapon)
Missiles
 c - 3 boomerangs
 h - 73 sling bullets
 n - 393 arrows
 o - 361 stones (quivered)
 y - 64 bolts
 z - 26 poisoned darts
 G - a silver boomerang
 M - 2 throwing nets
 W - 18 large rocks
Armour
 b - a +3 buckler
 d - a +2 kite shield of reflection
 g - +0 acid dragon scales
 i - a +2 pair of gloves (worn)
 m - a +2 helmet (worn)
 q - the +1 leather armour of the Skies Above (worn) {rF+ Regen+ Slay+5}
   (You found it on level 2 of the Dungeon)

   Slay:      It affects your accuracy & damage with ranged weapons and melee
   (+5).
   rF:        It protects you from fire.
   Regen:     It increases your rate of health regeneration.
 r - the +0 pair of boots "Lepufuen" {Harm Rampage Drain Str+6}
   (You found it on level 2 of the Dungeon)

   Str:       It affects your strength (+6).
   Drain:     It drains your maximum health when unequipped.
   Harm:      It increases damage dealt and taken.
   Rampage:   It bestows one free step when moving towards enemies.
 t - a +0 pair of boots (worn)
 A - the +2 leather armour of Zaitelay {Will+}
   (You found it on level 10 of the Dungeon)

   Will:      It increases your willpower.
 I - the +0 ring mail "Puse" {Int+4 Slay+2}
   (Okawaru gifted it to you on level 13 of the Dungeon)

   Int:       It affects your intelligence (+4).
   Slay:      It affects your accuracy & damage with ranged weapons and melee
   (+2).
 R - a +1 cloak of preservation (worn)
 S - +0 acid dragon scales
 T - a +2 robe of positive energy
Magical Staves
 p - a staff of death
 Q - a staff of poison
Jewellery
 s - a ring of poison resistance (left hand)
 P - a +6 ring of strength (right hand)
 V - a +6 ring of intelligence
Wands
 f - a wand of iceblast (6)
 v - a wand of flame (23)
 w - a wand of digging (13)
 D - a wand of paralysis (2)
 O - a wand of mindburst (7)
 U - a wand of polymorph (6)
Scrolls
 l - 3 scrolls of magic mapping
 L - 3 scrolls of fog
Potions
 a - 2 potions of heal wounds
 e - 2 potions of ambrosia {unknown}
 j - 3 potions of might
 k - 3 potions of curing
 u - a potion of invisibility {unknown}
 x - 4 potions of brilliance
 B - a potion of attraction {unknown}
 C - 2 potions of magic
 F - a potion of haste
 K - a potion of flight {unknown}
 Z - 2 potions of mutation {unknown}


   Skills:
 + Level 9.8(14.8) Fighting
 + Level 8.6(13.6) Short Blades
 + Level 9.1(14.1) Long Blades
 + Level 8.6(13.6) Axes
 + Level 8.6(13.6) Maces & Flails
 + Level 8.6(13.6) Polearms
 + Level 8.6(13.6) Staves
 + Level 8.6(13.6) Slings
 + Level 8.6(13.6) Bows
 + Level 8.6(13.6) Crossbows
 + Level 9.8(14.8) Throwing
 + Level 9.1(14.1) Armour
 + Level 9.1(14.1) Dodging
 + Level 9.0(14.0) Stealth
 + Level 9.8(14.8) Shields
 + Level 8.6(13.6) Unarmed Combat
 + Level 8.6 Spellcasting
 + Level 7.2 Conjurations
 + Level 7.2 Hexes
 + Level 7.2 Summonings
 + Level 7.2 Necromancy
 + Level 7.2 Translocations
 + Level 7.2 Transmutations
 + Level 7.2 Fire Magic
 + Level 7.2 Ice Magic
 + Level 7.2 Air Magic
 + Level 7.2 Earth Magic
 + Level 7.2 Poison Magic
 + Level 9.5 Invocations
 + Level 8.6 Evocations


You had 24 spell levels left.
You knew the following spells:

 Your Spells              Type           Power      Damage    Failure   Level
a - Passwall              Tmut/Erth      13%        N/A       1%          2
b - Mephitic Cloud        Conj/Pois/Air  16%        N/A       3%          3

Your spell library contained the following spells:

 Spells                   Type           Power      Damage    Failure   Level
 Apportation              Tloc           32%        N/A       1%          1
 Corpse Rot               Necr/Air       32%        N/A       1%          2
 Ensorcelled Hibernation  Hex/Ice        32%        N/A       1%          2
 Ignite Poison            Fire/Tmut/Pois 16%        N/A       3%          3
 Ozocubu's Armour         Ice            16%        N/A       3%          3
 Swiftness                Air            16%        N/A       3%          3
 Dispel Undead            Necr           16%        3d10      10%         4
 Freezing Cloud           Conj/Ice/Air   8%         6-21      26%         5
 Iskenderun's Battlesphe  Conj           16%        2d7       26%         5
 Iron Shot                Conj/Erth      8%         9d3       83%         6
 Ozocubu's Refrigeration  Ice            8%         4d6       100%        7
 Animate Skeleton         Necr           Unusable   N/A       N/A         1
 Summon Small Mammal      Summ           Unusable   N/A       N/A         1
 Death Channel            Necr           Unusable   N/A       N/A         6
 Spellforged Servitor     Conj/Summ      Unusable   N/A       N/A         7

Dungeon Overview and Level Annotations

Branches:
Dungeon (14/15)            Temple (0/1) D:6            Lair (0/6) D:10
    Orc (0/2) D:9          Vaults (0/5) D:13         Bailey (visited)

Altars:
Ashenzari
Dithmenos
Elyvilon
Kikubaaqudgha
Makhleb
Nemelex Xobeh
Okawaru
Ru
Uskayaw
Zin

Shops:
D:4 (   D:7 [

Portals:
Trove: D:11 (give 4 scrolls of fear)

Annotations:
D:13 1 exclusion


Innate Abilities, Weirdness & Mutations

You have very sharp teeth.
Your uncanny sense of smell can sniff out nearby items.
Your experience applies equally to all skills.


Message History

Deactivating autopickup; reactivate with Ctrl-A.
The boulder beetle closely misses you.
The boulder beetle stops rolling and uncurls.
A meliai comes into view. It is wielding a +0 hand axe.
The meliai invokes the aid of its god against you.
Something smites you!
The tengu reaver hits you from afar with a +2 glaive of protection!!
You see here the +1 plate armour of Peall {rElec rPois}.
The meliai mumbles some strange prayers to its god against you.
Something smites you!
The meliai mumbles some strange prayers to its god against you.
Something smites you!
* * * LOW HITPOINT WARNING * * *
The boulder beetle curls into a ball and begins rolling!
The tengu reaver gestures at you while chanting.
The bolt of negative energy misses you.
There is an open door, spattered with blood here.
There are monsters nearby!
The boulder beetle closely misses you.
The boulder beetle stops rolling and uncurls.
The boulder beetle curls into a ball and begins rolling!
The boulder beetle hits you!
* * * LOW HITPOINT WARNING * * *
The boulder beetle stops rolling and uncurls.
The meliai invokes the aid of its god against you.
Something smites you!
* * * LOW HITPOINT WARNING * * *
Okay, then.
Unknown command.
Unknown command.
You feel yourself speed up.
The boulder beetle completely misses you.
The boulder beetle curls into a ball and begins rolling!
Your hands slow down.
The meliai misses you. The meliai closely misses you.
The meliai calls down the wrath of its god upon you.
Something smites you!
* * * LOW HITPOINT WARNING * * *
The boulder beetle hits you!!!
You die...

#........##
###...
#.........##
....
####.......##
....#
#........##
##
#.........# .
##.
#..########..
+#(.
#..##........
.((
#..'.........
.(
#.@##.......#
(
#By##########
# #.○.......#
##
##.°.....##
##. #.°....##
##.. #.....##
#... #.Q..##
###...
#...##∆
##.#[..
#...##∆∆
##..#...


You could see a tengu reaver, a boulder beetle (rolling) and a meliai.

Vanquished Creatures
  Nessos (D:14)
  A fire dragon (D:10)
  4 vault guards
  An ogre mage (D:14)
  A catoblepas (D:13)
  2 hydras
  5 two-headed ogres
  4 centaur warriors
  A flayed ghost (D:14)
  3 harpies (D:13)
  An orc knight (D:14)
  3 deep elf pyromancers
  11 ugly things
  A necromancer (D:14)
  5 cyclopes
  3 manticores
  3 gargoyles
  An unseen horror (D:11)
  A komodo dragon (D:7)
  4 trolls
  A wind drake (shapeshifter) (D:13)
  Prince Ribbit (Bailey)
  2 hornets
  9 slime creatures (D:14)
  4 vampires
  Sigmund (D:5)
  3 wraiths
  2 wyverns (D:10)
  A shadow (D:13)
  5 basilisks
  3 humans (Bailey)
  Edmund (D:4)
  The ghost of Soldner the Cruncher, an amateur GnWn (D:5)
  4 vampire mosquitoes (D:10)
  4 acid dragons
  Duvessa (D:7)
  A swamp drake (D:9)
  4 ice beasts
  10 orc warriors
  A necrophage (D:7)
  A kobold brigand (D:11)
  11 bullfrogs
  3 scorpions
  Dowan (D:7)
  A water moccasin skeleton (D:7)
  A wyvern skeleton (D:7)
  4 wights (D:8)
  An electric eel (D:11)
  2 howler monkeys
  4 centaur zombies
  A lava snake (D:10)
  3 hounds
  6 jellies
  A centaur skeleton (D:6)
  11 orc priests
  5 iguanas
  A bullfrog skeleton (D:7)
  A gnoll shaman (D:5)
  8 orc wizards
  8 gnolls
  3 adders
  A white imp (D:7)
  A worm (D:3)
  A dart slug (D:2)
  40 orcs
  9 bats
  3 endoplasms
  2 giant cockroaches
  16 goblins
  11 hobgoblins
  3 jackals (D:4)
  3 quokkas
  10 ball pythons
  9 frilled lizards
  11 kobolds
  3 rats
315 creatures vanquished.

Vanquished Creatures (others)
  32 plants (D:3)
  A withered plant (D:13)
33 creatures vanquished.

Grand Total: 348 creatures vanquished

Notes
Turn   | Place    | Note
-------+----------+-------------------------------------------
     0 | D:1      | jimonade the Gnoll Wanderer began the quest for the Orb.
     0 | D:1      | jimonade set off with the following items: a +0 falchion, a
                  | +2 buckler, 8 boomerangs, a +0 dagger, a +0 robe
     0 | D:1      | Reached XP level 1. HP: 20/20 MP: 1/1
    85 | D:1      | Reached XP level 2. HP: 15/26 MP: 2/2
   515 | D:1      | Reached XP level 3. HP: 31/31 MP: 3/3
  1071 | D:2      | Identified the +1 leather armour of the Skies Above {rF+
                  | Regen+ Slay+5}
  1098 | D:2      | Found a faded altar of an unknown god.
  1214 | D:2      | Reached skill level 1 in Invocations
  1323 | D:2      | Identified the +0 pair of boots "Lepufuen" {Harm Rampage
                  | Drain Str+6}
  1722 | D:2      | Found a shadowy altar of Dithmenos.
  1728 | D:2      | Reached skill level 1 in Short Blades
  1728 | D:2      | Reached skill level 1 in Axes
  1728 | D:2      | Reached skill level 1 in Maces & Flails
  1728 | D:2      | Reached skill level 1 in Polearms
  1728 | D:2      | Reached skill level 1 in Staves
  1728 | D:2      | Reached skill level 1 in Slings
  1728 | D:2      | Reached skill level 1 in Bows
  1728 | D:2      | Reached skill level 1 in Crossbows
  1728 | D:2      | Reached skill level 1 in Unarmed Combat
  1728 | D:2      | Reached skill level 1 in Spellcasting
  1728 | D:2      | Reached skill level 1 in Evocations
  2241 | D:3      | Reached XP level 4. HP: 38/38 MP: 5/5
  2353 | D:3      | Reached skill level 1 in Conjurations
  2353 | D:3      | Reached skill level 1 in Hexes
  2353 | D:3      | Reached skill level 1 in Summonings
  2353 | D:3      | Reached skill level 1 in Necromancy
  2353 | D:3      | Reached skill level 1 in Translocations
  2353 | D:3      | Reached skill level 1 in Transmutations
  2353 | D:3      | Reached skill level 1 in Fire Magic
  2353 | D:3      | Reached skill level 1 in Ice Magic
  2353 | D:3      | Reached skill level 1 in Air Magic
  2353 | D:3      | Reached skill level 1 in Earth Magic
  2353 | D:3      | Reached skill level 1 in Poison Magic
  2623 | D:3      | Reached XP level 5. HP: 43/43 MP: 6/6
  3151 | D:4      | Found Xiar's Antique Weapon Shoppe.
  3173 | D:4      | Reached XP level 6. HP: 50/50 MP: 8/8
  3178 | D:4      | Reached skill level 5 in Fighting
  3178 | D:4      | Reached skill level 5 in Throwing
  3178 | D:4      | Reached skill level 5 in Shields
  3617 | D:4      | Noticed Edmund
  3650 | D:4      | Killed Edmund
  3651 | D:4      | Reached XP level 7. HP: 39/56 MP: 10/10
  3731 | D:4      | Found an ancient bone altar of Kikubaaqudgha.
  3877 | D:4      | Found a glowing silver altar of Zin.
  4007 | D:5      | Entered Level 5 of the Dungeon
  4097 | D:5      | Found a large runed translucent door.
  4097 | D:5      | Found a large runed translucent door.
  4129 | D:5      | Found an iron altar of Okawaru.
  4443 | D:5      | Noticed Soldner's ghost (amateur GnWn)
  4656 | D:5      | Noticed Sigmund
  4662 | D:5      | Killed Sigmund
  4663 | D:5      | Reached XP level 8. HP: 63/63 MP: 12/12
  4870 | D:5      | Killed Soldner's ghost
  4917 | D:5      | Became a worshipper of Warmaster Okawaru
  4944 | D:6      | Found a staircase to the Ecumenical Temple.
  5267 | D:6      | Found a broken altar of Ashenzari.
  5817 | D:7      | Found Coall's Antique Armour Boutique.
  5822 | D:7      | Bought a glowing cloak for 240 gold pieces
  5881 | D:7      | Reached XP level 9. HP: 69/69 MP: 14/14
  5976 | D:7      | Reached * piety under Okawaru
  5978 | D:7      | Noticed Duvessa
  5981 | D:7      | Noticed Dowan
  5990 | D:7      | Killed Duvessa
  6008 | D:7      | Killed Dowan
  6356 | D:7      | Noticed a komodo dragon
  6363 | D:7      | Killed a komodo dragon
  6364 | D:7      | Reached skill level 5 in Long Blades
  6364 | D:7      | Reached skill level 5 in Armour
  6364 | D:7      | Reached skill level 5 in Dodging
  6398 | D:7      | Noticed a boulder beetle
  6705 | D:7      | Noticed a deep elf pyromancer
  6760 | D:7      | Killed a deep elf pyromancer
  6761 | D:7      | Reached skill level 5 in Stealth
  6761 | D:7      | Reached skill level 5 in Invocations
  6888 | D:7      | Noticed a cyclops
  7001 | D:7      | Killed a cyclops
  7049 | D:8      | Reached ** piety under Okawaru
  7050 | D:8      | Reached XP level 10. HP: 77/77 MP: 17/17
  7443 | D:8      | Reached skill level 5 in Short Blades
  7443 | D:8      | Reached skill level 5 in Axes
  7443 | D:8      | Reached skill level 5 in Maces & Flails
  7443 | D:8      | Reached skill level 5 in Polearms
  7443 | D:8      | Reached skill level 5 in Staves
  7443 | D:8      | Reached skill level 5 in Slings
  7443 | D:8      | Reached skill level 5 in Bows
  7443 | D:8      | Reached skill level 5 in Crossbows
  7443 | D:8      | Reached skill level 5 in Unarmed Combat
  7443 | D:8      | Reached skill level 5 in Spellcasting
  7443 | D:8      | Reached skill level 5 in Evocations
  7872 | D:9      | Found a burning altar of Makhleb.
  8179 | D:9      | Reached *** piety under Okawaru
  8249 | D:9      | Found a large runed translucent door.
  8250 | D:9      | Found a large runed translucent door.
  8317 | D:9      | Found a flagged portal.
  8346 | Bailey   | Entered a bailey
  8472 | Bailey   | Noticed Prince Ribbit
  8480 | Bailey   | Killed Prince Ribbit
  8482 | Bailey   | Noticed a vault guard
  8497 | Bailey   | Killed a vault guard
  8497 | Bailey   | Reached **** piety under Okawaru
  8551 | Bailey   | Noticed a vault guard
  8567 | Bailey   | Killed a vault guard
  8567 | Bailey   | Received a gift from Okawaru
  8568 | Bailey   | Reached XP level 11. HP: 21/84 MP: 19/19
  8928 | D:9      | Received a gift from Okawaru
  9125 | D:9      | Reached skill level 5 in Conjurations
  9125 | D:9      | Reached skill level 5 in Hexes
  9125 | D:9      | Reached skill level 5 in Summonings
  9125 | D:9      | Reached skill level 5 in Necromancy
  9125 | D:9      | Reached skill level 5 in Translocations
  9125 | D:9      | Reached skill level 5 in Transmutations
  9125 | D:9      | Reached skill level 5 in Fire Magic
  9125 | D:9      | Reached skill level 5 in Ice Magic
  9125 | D:9      | Reached skill level 5 in Air Magic
  9125 | D:9      | Reached skill level 5 in Earth Magic
  9125 | D:9      | Reached skill level 5 in Poison Magic
  9446 | D:9      | Found a staircase to the Orcish Mines.
  9610 | D:9      | Found a sacrificial altar of Ru.
  9610 | D:9      | Noticed a two-headed ogre
  9616 | D:9      | Killed a two-headed ogre
  9630 | D:9      | Found a white marble altar of Elyvilon.
  9674 | D:10     | Entered Level 10 of the Dungeon
  9931 | D:10     | Noticed a two-headed ogre
  9946 | D:10     | Killed a two-headed ogre
  9946 | D:10     | Reached ***** piety under Okawaru
  9983 | D:10     | Received a gift from Okawaru
 10204 | D:10     | Found a staircase to the Lair.
 10206 | D:10     | Noticed a fire dragon
 10217 | D:10     | Killed a fire dragon
 10359 | D:10     | Found a hide-covered altar of Uskayaw.
 10561 | D:10     | Identified the +2 leather armour of Zaitelay {Will+}
 10604 | D:11     | Noticed a cyclops
 10608 | D:11     | Killed a cyclops
 10624 | D:11     | Noticed a cyan ugly thing
 10633 | D:11     | HP: 2/86 [cyan ugly thing (15)]
 10636 | D:11     | Killed a cyan ugly thing
 10852 | D:11     | Noticed a cyclops
 10886 | D:11     | Killed a cyclops
 10904 | D:11     | Found a portal to a secret trove of treasure.
 10913 | D:11     | Noticed a two-headed ogre
 10935 | D:11     | Killed a two-headed ogre
 11060 | D:11     | Reached XP level 12. HP: 86/94 MP: 22/22
 11308 | D:11     | Received a gift from Okawaru
 11708 | D:12     | Received a gift from Okawaru
 12028 | D:12     | Found a sparkling altar of Nemelex Xobeh.
 12157 | D:12     | Learned a level 2 spell: Passwall
 12161 | D:12     | Learned a level 3 spell: Mephitic Cloud
 12254 | D:12     | Noticed a two-headed ogre
 12263 | D:12     | Killed a two-headed ogre
 12701 | D:13     | Noticed a centaur warrior
 12705 | D:13     | Killed a centaur warrior
 12705 | D:13     | Identified the +0 ring mail "Puse" {Int+4 Slay+2} (Okawaru
                  | gifted it to you on level 13 of the Dungeon)
 12705 | D:13     | Received a gift from Okawaru
 12752 | D:13     | Found a gate to the Vaults.
 12752 | D:13     | Noticed a vault guard
 12752 | D:13     | Noticed a tengu warrior
 12752 | D:13     | Noticed a vault guard
 12752 | D:13     | Noticed a vault guard
 12752 | D:13     | Noticed a vault guard
 12752 | D:13     | Noticed a centaur warrior
 12801 | D:13     | Noticed a two-headed ogre
 12807 | D:13     | Killed a two-headed ogre
 12826 | D:13     | Noticed a centaur warrior
 12830 | D:13     | Killed a centaur warrior
 12908 | D:13     | Noticed a seven-headed hydra
 12917 | D:13     | Killed a six-headed hydra
 13196 | D:13     | Killed a vault guard
 13196 | D:13     | Reached ****** piety under Okawaru
 13578 | D:14     | Noticed an ogre mage
 13595 | D:14     | Paralysed by something for 3 turns
 13603 | D:14     | Killed an ogre mage
 13604 | D:14     | Reached XP level 13. HP: 39/101 MP: 24/24
 13956 | D:14     | Noticed Nessos
 14071 | D:14     | Killed Nessos
 14235 | D:14     | Identified the +1 plate armour of Peall {rElec rPois}
                  | (Okawaru gifted it to you on level 14 of the Dungeon)
 14235 | D:14     | Received a gift from Okawaru
 14630 | D:13     | Killed a vault guard
 15645 | D:14     | Received a gift from Okawaru
 15751 | D:14     | Noticed a tengu reaver
 15785 | D:14     | HP: 5/103 [meliai/divine providence (10)]
 15786 | D:14     | Annihilated by a boulder beetle

Illustrated notes

Levels and vault maps discovered:
D:1:      lightli_molten_gateway, layout_basic, minivault_23,
          hangedman_decor_points
D:2:      layout_basic, basic_altar,
          hellmonk_ecumenical_altar_pennies_from_heaven, hex_intersection,
          minmay_misc_feat_rugged
D:3:      layout_loops_ring, serial_bayou_lagoon_a, minmay_lizard_king
D:4:      layout_loops_ring, general_overflow_altar, kiku_gazebo_pond_becter,
          serial_shops, nicolae_shop_crystal, minmay_small_thing, uniq_edmund
D:5:      layout_gridville, lemuel_doored_altar, ebering_ghost_disaster_area,
          uniq_sigmund
D:6:      layout_gridville, nicolae_ashenzari_panopticon,
          minmay_temple_entry_stoned_glass
D:7:      layout_gridville, serial_shops, nicolae_square_shop, kb_rosetta,
          uniq_duvessa
D:8:      layout_cave_pods
D:9:      layout_stronghold, mainiacjoe_overflow_small_starburst,
          jmf_multi_god_temple2, erik_orc_1, enter_bailey_3
D:10:     layout_loops_cross, nicolae_uskayaw_suspiria, minmay_lair_entry_lava
D:11:     layout_basic, enter_trove_1
D:12:     layout_stronghold, nemelex_spade_bored_becter
D:13:     layout_irregular_city, lightli_vaults_fourway_checkpoint,
          nrook_campfire, argonaut_gorgonesque
D:14:     minmay_octo_star, layout_basic, lemuel_round_altar, uniq_nessos

Skill      XL: |  1  2  3  4  5  6  7  8  9 10 11 12 13 |
---------------+----------------------------------------+-----
Invocations    | 1 2 3 4 5 6 7 8 9 |  9.5
Short Blades   | 1 2 3 4 5 6 7 8 |  8.6
Axes           | 1 2 3 4 5 6 7 8 |  8.6
Maces & Flails | 1 2 3 4 5 6 7 8 |  8.6
Polearms       | 1 2 3 4 5 6 7 8 |  8.6
Staves         | 1 2 3 4 5 6 7 8 |  8.6
Slings         | 1 2 3 4 5 6 7 8 |  8.6
Bows           | 1 2 3 4 5 6 7 8 |  8.6
Crossbows      | 1 2 3 4 5 6 7 8 |  8.6
Unarmed Combat | 1 2 3 4 5 6 7 8 |  8.6
Spellcasting   | 1 2 3 4 5 6 7 8 |  8.6
Evocations     | 1 2 3 4 5 6 7 8 |  8.6
Conjurations   | 1 2 3 4 5 6 7 |  7.2
Hexes          | 1 2 3 4 5 6 7 |  7.2
Summonings     | 1 2 3 4 5 6 7 |  7.2
Necromancy     | 1 2 3 4 5 6 7 |  7.2
Translocations | 1 2 3 4 5 6 7 |  7.2
Transmutations | 1 2 3 4 5 6 7 |  7.2
Fire Magic     | 1 2 3 4 5 6 7 |  7.2
Ice Magic      | 1 2 3 4 5 6 7 |  7.2
Air Magic      | 1 2 3 4 5 6 7 |  7.2
Earth Magic    | 1 2 3 4 5 6 7 |  7.2
Poison Magic   | 1 2 3 4 5 6 7 |  7.2
Long Blades    | 3 4 5 6 7 8 9 |  9.1
Armour         | 3 4 5 6 7 8 9 |  9.1
Dodging        | 3 4 5 6 7 8 9 |  9.1
Stealth        | 3 4 5 6 7 8 9 |  9.0
Fighting       | 5 6 7 8 9 |  9.8
Throwing       | 5 6 7 8 9 |  9.8
Shields        | 5 6 7 8 9 |  9.8

Action                   |  1- 3 |  4- 6 |  7- 9 | 10-12 | 13-15 || total
-------------------------+-------+-------+-------+-------+-------++-------
Melee: Falchion          |    24 |     6 |       |       |       ||    30
       Bite              |     1 |     4 |    12 |    32 |    26 ||    75
       Whip              |       |     2 |       |       |       ||     2
       Hand axe          |       |    27 |   130 |     8 |     4 ||   169
       Halberd           |       |       |       |   317 |   153 ||   470
       Punch             |       |       |       |     1 |       ||     1
Throw: Boomerang         |    81 |    53 |    60 |   149 |     5 ||   348
       Stone             |       |       |    82 |   220 |   114 ||   416
Invok: Heroism           |       |       |       |       |     2 ||     2
       Finesse           |       |       |       |       |     2 ||     2
Evoke: Wand              |       |       |       |       |     2 ||     2
  Use: Scroll            |       |    11 |       |    10 |     6 ||    27
       Potion            |       |     1 |     1 |     2 |     3 ||     7
 Stab: Sleeping          |       |       |     2 |     4 |       ||     6
       Distracted        |       |       |       |     1 |       ||     1
       Paralysed         |       |       |       |       |     5 ||     5
Armor: Robe              |     8 |       |       |       |       ||     8
       Leather armour    |     5 |     4 |    33 |   120 |    99 ||   261
Dodge: Dodged            |    28 |     8 |    54 |   230 |   124 ||   444
Block: Buckler           |    18 |    16 |    42 |     1 |       ||    77
